 Dungeon Crawl Stone Soup version 0.27-a0-156-gbcd94eb011 (webtiles) character file.

Game seed: 12074279735544567773

153910 gimp the Severer (level 16, -5/124 HPs)
             Began as a Demigod Wanderer on Jan 28, 2021.
             Slain by an emperor scorpion (14 damage)
             ... on level 1 of the Spider Nest.
             The game lasted 01:32:51 (37112 turns).

gimp the Severer (Demigod Wanderer)                Turns: 37112, Time: 01:32:52

Health: -5/124     AC: 25    Str: 25    XL:     16   Next: 50%
Magic:  19/19      EV: 11    Int: 14    God:
Gold:   853        SH: 14    Dex: 17    Spells: 15/15 levels left

rFire    + . .     SeeInvis +   a - +6 war axe (flame)
rCold    + + .     Faith    .   Q - +0 kite shield {reflect}
rNeg     . . .     Spirit   .   N - +3 plate armour {Will+}
rPois    .         Reflect  +   F - +2 hat {Will+}
rElec    .         Harm     .   P - scarf {rC+ rF+}
rCorr    .         Rampage  .   W - +2 pair of gloves
Will     +++..                  j - +0 pair of boots
Stlth    ..........             w - amulet of regeneration
HPRegen  0.70/turn              l - ring of protection from cold
MPRegen  0.16/turn              V - ring of see invisible

@: lethally poisoned (-5 -> -5), about to teleport
A: high mp 1, no potion heal 1
a: no special abilities


You were on level 1 of the Spider Nest.
You visited 6 branches of the dungeon, and saw 29 of its levels.
You visited 1 bazaar.
You also visited: Sewer and Gauntlet.

You collected 4590 gold pieces.
You spent 3737 gold pieces at shops.

Inventory:

Hand Weapons
 a - a +6 war axe of flaming (weapon)
 b - a -1 broad axe
Missiles
 q - 39 javelins
 r - 2 throwing nets (quivered)
 v - 99 poisoned darts
 E - 6 curare-tipped darts
Armour
 j - a +0 pair of boots (worn)
 x - the +3 ring mail "Wysetuuz" {rC++ Int+3}
   (You took it off an orc on level 4 of the Dungeon)

   It affects your intelligence (+3).
   It greatly protects you from cold.
 F - a +2 hat of willpower (worn)
 K - the +1 helmet of the Three Friars {+Fly rPois}
   (You found it in a Gauntlet)

   It protects you from poison.
   It lets you fly.
 N - a +3 plate armour of willpower (worn)
 P - a scarf of resistance (worn)
 Q - a +0 kite shield of reflection (worn)
 R - a +1 plate armour of poison resistance
 W - a +2 pair of gloves (worn)
Jewellery
 f - an uncursed ring of willpower
 g - an uncursed ring of flight
 l - a ring of protection from cold (left hand)
 w - an amulet of regeneration (around neck)
 M - an uncursed ring of protection from fire
 V - a ring of see invisible (right hand)
Wands
 n - a wand of polymorph (31)
 t - a wand of digging (5)
 z - a wand of acid (10)
 T - a wand of random effects (7)
 Y - a wand of enslavement (7)
Scrolls
 e - 8 scrolls of teleportation
 h - 10 scrolls of remove curse
 i - 3 scrolls of magic mapping
 k - 4 scrolls of immolation
 m - a scroll of blinking
 A - a scroll of fear
 C - 2 scrolls of enchant armour
 D - 7 scrolls of fog
 J - 2 scrolls of enchant weapon
 Z - 5 scrolls of identify
Potions
 c - 4 potions of curing
 d - a potion of cancellation
 o - 3 potions of resistance
 s - a potion of mutation
 u - 3 potions of flight
 G - 2 potions of haste
 H - a potion of heal wounds
 L - 5 potions of invisibility
 O - a potion of berserk rage
 S - 3 potions of might
 U - 11 potions of ambrosia
 X - 3 potions of magic
Miscellaneous
 p - a box of beasts (inert)
 y - a lightning rod (4/4)
 B - a condenser vane (inert)


   Skills:
 + Level 6.3 Fighting
 - Level 19.9(20.0) Axes
 - Level 2.6(13.7) Maces & Flails
 - Level 6.0 Throwing
 - Level 11.3 Armour
 * Level 7.0 Dodging
 + Level 12.5 Shields
 - Level 6.6 Evocations


You had 15 spell levels left.
You didn't know any spells.
Your spell library contained the following spells:

 Spells                   Type           Power        Failure   Level
 Animate Skeleton         Necr           0%           98%         1
 Corona                   Hex            0%           98%         1
 Pain                     Necr           0%           98%         1
 Ensorcelled Hibernation  Hex/Ice        0%           99%         2
 Slow                     Hex            0%           99%         2
 Confusing Touch          Hex            0%           100%        3
 Conjure Flame            Conj/Fire      0%           100%        3
 Dazzling Flash           Conj/Hex       0%           100%        3
 Gell's Gravitas          Tloc           0%           100%        3
 Inner Flame              Hex/Fire       0%           100%        3
 Portal Projectile        Hex/Tloc       0%           100%        3
 Tukima's Dance           Hex            0%           100%        3
 Vampiric Draining        Necr           0%           100%        3
 Animate Dead             Necr           0%           100%        4
 Cause Fear               Hex            0%           100%        4
 Leda's Liquefaction      Hex/Erth       0%           100%        4
 Petrify                  Tmut/Erth      0%           100%        4
 Agony                    Necr           0%           100%        5
 Bolt of Magma            Conj/Fire/Erth 0%           100%        5
 Iskenderun's Battlesphe  Conj           0%           100%        5
 Metabolic Englaciation   Hex/Ice        0%           100%        5
 Summon Mana Viper        Hex/Summ       0%           100%        5
 Yara's Violent Unravell  Hex/Tmut       0%           100%        5
 Iron Shot                Conj/Erth      0%           100%        6
 Orb of Destruction       Conj           0%           100%        7
 Spellforged Servitor     Conj/Summ      0%           100%        7


Dungeon Overview and Level Annotations

Branches:
Dungeon (15/15)            Temple (0/1) D:5            Lair (6/6) D:10
 Shoals (1/4) Lair:2       Spider (2/4) Lair:2        Slime (0/5) Lair:5
    Orc (2/2) D:11            Elf (3/3) Orc:2        Vaults (0/5) D:13
 Depths (0/5) D:15          Sewer (visited)         Gauntlet (visited)

Shops:
D:8 *:*?:   D:11 [   D:15 *   Orc:1 :}   Orc:2 [*[=!

Annotations:
D:2 Sigmund
D:14 exclusion: door, Azrael; Louise
Lair:5 1 runed translucent door
Lair:6 3 runed translucent doors, June's ghost, journeyman DECj
Elf:1 1 runed translucent door, exclusions: 6 doors and downstairs, Ahimyadi's ghost, journeyman NaWn; Aizul
Elf:2 3 runed translucent doors
Elf:3 1 exclusion


Innate Abilities, Weirdness & Mutations

You have an increased reservoir of magic. (+10% MP)
Potions are less effective at restoring your health.


Message History

Unknown command.
You feel sick.
You feel sick.
You feel sick.
You feel sick.
You feel sick.
Throw: 2 throwing nets
Press: ? - help, Q - select action, (/) - cycle Shift-Dir - straight line, f/p - emperor scorpion
Aim: an emperor scorpion (severely wounded, 59% to hit, immune to nets)
Okay, then.
Unknown command.
Okay, then.
Unknown command.
As you read the scroll of teleportation, it crumbles to dust.
You feel strangely unstable.
You feel sick.
You see here a potion of degeneration.
You take 1 damage, and have 8/124 hp.
The emperor scorpion stings you!
You die...

##.........................
#......^.####.##...........
##.#...#≈#......####.......
########≈≈≈#.#.................
##.#.###..##......≈.............
#.....#...#....#######.......##.
##^........####≈≈..............#.
#≈≈.#......#....##...........#.#.
#####..[........@s.....#.....###.
#.≈≈......................≈.^
###≈≈.........#...........###
####..##...##..#......^...<
#....#...##........^.....#
##...#######.###....#....#
#≈...## ###......#..... #≈#...#
#≈...#...#..... ####≈≈#
##≈..#.###...#.


You could see an emperor scorpion.

Vanquished Creatures
  Gastronok (D:8)
  Kirke (D:12)
  3 deep elf sorcerers
  A deep elf demonologist (Elf:3)
  A minotaur (Gauntlet)
  2 deep elf death magi (Elf:1)
  An ettin (D:11)
  Snorg (D:11)
  A fire dragon (Lair:6)
  Josephine (Spider:1)
  2 deep elf high priests
  4 boulder beetles
  11 hydras
  2 catoblepae (Lair:6)
  2 centaur warriors
  A death knight (D:15)
  3 two-headed ogres
  An alligator snapping turtle (Shoals:1)
  15 dancing weapons
  2 tengu warriors
  5 death yaks
  Urug (Orc:1)
  12 deep elf knights
  3 orc high priests
  Sonja (D:10)
  A fire crab (shapeshifter) (D:13)
  2 sea snakes (Lair:2)
  A sixfirhy (Gauntlet)
  12 deep elf archers
  An orange crystal statue (Gauntlet)
  A swamp dragon (Lair:6)
  2 wizards (D:15)
  6 orc knights
  6 ugly things
  A harpy (shapeshifter) (Elf:2)
  A necromancer (D:15)
  A wolf spider zombie (D:15)
  5 orb spiders
  5 fauns (Shoals:1)
  5 wolf spiders
  5 manticores
  41 deep elf magi
  4 cyclopes
  4 orc sorcerers
  A moth of wrath (Spider:1)
  7 black mambas
  2 merfolk sirens (Shoals:1)
  2 torpor snails
  7 elephants
  11 cane toads
  8 komodo dragons
  A kobold demonologist (D:15)
  2 demonic crawlers
  2 gargoyles
  3 rime drakes
  A yaktaur (shapeshifter) (D:15)
  5 trolls
  5 jumping spiders (Spider:1)
  2 merfolk (Shoals:1)
  A queen bee (Lair:1)
  3 slime creatures (D:12)
  2 polar bears
  Prince Ribbit (D:6)
  22 blink frogs
  A meliai (D:13)
  A hornet (Spider:1)
  A meliai zombie (D:11)
  2 dream sheep (Lair:6)
  2 air elementals
  16 redbacks
  A shadow (D:14)
  7 tarantellas
  4 water elementals
  5 wyverns
  Eustachio (D:5)
  A centaur simulacrum (D:12)
  A vampire (D:15)
  A hog (D:12)
  6 wraiths
  25 yaks
  6 basilisks
  2 steam dragons
  Edmund (D:3)
  4 fire elementals
  11 wargs
  Menkaure (D:5)
  4 vampire mosquitoes (D:12)
  3 acid dragons
  A soldier ant (Gauntlet)
  8 water moccasins
  2 ice beasts
  38 orc warriors
  3 swamp drakes
  5 phantoms
  An eye of draining (shapeshifter) (D:12)
  An ice beast (shapeshifter) (Elf:1)
  2 sky beasts
  A black bear (Lair:1)
  An eye of draining (D:15)
  3 necrophages
  10 wolves
  8 ogres
  10 centaurs
  A big kobold (D:10)
  2 gnoll sergeants
  An earth elemental (Elf:1)
  17 bullfrogs
  A wyvern zombie (D:7)
  6 scorpions
  43 killer bees
  13 wights
  4 howler monkeys
  2 electric eels
  9 centaur zombies
  A bullfrog zombie (D:12)
  2 quasits (D:8)
  3 bullfrog skeletons
  4 hounds
  7 jellies
  4 centaur skeletons
  12 orc priests
  9 iguanas
  9 orc wizards
  4 worker ants
  A hound zombie (D:11)
  2 hound skeletons
  A worker ant zombie (D:6)
  17 gnolls
  15 adders
  4 shadow imps
  2 white imps
  4 ufetubi
  An ooze (D:6)
  An adder skeleton (D:3)
  3 worms
  A dart slug (D:1)
  13 leopard geckos
  90 orcs
  8 giant cockroaches
  5 goblins
  9 hobgoblins
  23 jackals
  14 kobolds
  5 quokkas
  5 ball pythons
  8 bats
  7 frilled lizards
  2 quokka zombies
  4 rats
  2 crawling corpses (Elf:2)
872 creatures vanquished.

Vanquished Creatures (collateral kills)
  Rupert (Spider:1)
1 creature vanquished.

Vanquished Creatures (others)
  A deep elf mage (Elf:3)
  A wight (D:13)
  4 demonic plants (Gauntlet)
  27 fungi
  59 plants
92 creatures vanquished.

Grand Total: 965 creatures vanquished

Notes
Turn   | Place    | Note
-------+----------+-------------------------------------------
     0 | D:1      | gimp the Demigod Wanderer began the quest for the Orb.
     0 | D:1      | gimp set off with the following items: a +2 mace, a potion
                  | of lignification, a +0 ring mail
     0 | D:1      | Reached XP level 1. HP: 16/16 MP: 3/3
   295 | D:1      | Reached XP level 2. HP: 24/24 MP: 4/4
  1094 | D:2      | Reached XP level 3. HP: 30/30 MP: 5/5
  1171 | D:2      | Noticed Sigmund
  1528 | D:3      | Noticed a bullfrog
  1551 | D:3      | Killed a bullfrog
  1552 | D:3      | Reached XP level 4. HP: 21/41 MP: 6/6
  1793 | D:3      | Found a glowing drain.
  1815 | Sewer    | Entered a sewer
  2033 | Sewer    | Reached XP level 5. HP: 47/47 MP: 7/7
  2127 | Sewer    | Reached skill level 5 in Fighting
  2127 | Sewer    | Reached skill level 1 in Axes
  2296 | Sewer    | Reached skill level 2 in Axes
  2684 | D:3      | Reached XP level 6. HP: 54/56 MP: 8/8
  2809 | D:3      | Reached skill level 3 in Axes
  3352 | D:4      | Noticed Edmund
  3420 | D:3      | Killed Edmund
  3421 | D:3      | Reached skill level 4 in Axes
  3917 | D:4      | Reached skill level 5 in Axes
  3917 | D:4      | Reached XP level 7. HP: 57/61 MP: 9/9
  4596 | D:4      | Identified the +3 ring mail "Wysetuuz" {rC++ Int+3}
  4622 | D:4      | Reached skill level 6 in Axes
  4882 | D:5      | Entered Level 5 of the Dungeon
  4946 | D:5      | Noticed Eustachio
  4999 | D:5      | Killed Eustachio
  5260 | D:5      | Reached skill level 7 in Axes
  5263 | D:5      | Reached XP level 8. HP: 30/68 MP: 10/10
  5595 | D:5      | Found a stormy altar of Qazlal.
  5630 | D:5      | Noticed Menkaure
  5634 | D:5      | Killed Menkaure
  5874 | D:5      | Found a staircase to the Ecumenical Temple.
  5883 | D:5      | Reached skill level 8 in Axes
  6062 | D:6      | Noticed Prince Ribbit
  6078 | D:6      | Killed Prince Ribbit
  6482 | D:6      | Reached skill level 9 in Axes
  6598 | D:6      | Found a shadowy altar of Dithmenos.
  7180 | D:7      | Found a hazy altar of Hepliaklqana.
  7184 | D:7      | Found an iron altar of Okawaru.
  7841 | D:7      | Reached skill level 10 in Axes
  7843 | D:7      | Reached XP level 9. HP: 52/74 MP: 11/11
  8330 | D:8      | Found Libef's General Store.
  8343 | D:8      | Bought 4 curare-tipped darts for 38 gold pieces
  8343 | D:8      | Bought a scroll of magic mapping for 56 gold pieces
  8352 | D:8      | Found Tunim's Book Shop.
  8468 | D:8      | Found Viukhyh's Magic Scroll Shoppe.
  8474 | D:8      | Bought a scroll of fog for 24 gold pieces
  8474 | D:8      | Bought a scroll of identify for 24 gold pieces
  8474 | D:8      | Bought a scroll of teleportation for 36 gold pieces
  8498 | D:8      | Reached skill level 11 in Axes
  8639 | D:8      | Found Fuloa's Book Shoppe.
  9183 | D:8      | Noticed Gastronok
  9213 | D:8      | Killed Gastronok
  9214 | D:8      | Reached skill level 13 in Axes
  9214 | D:8      | Reached XP level 10. HP: 50/81 MP: 13/13
  9356 | D:8      | Found Laiss's Assorted Antiques.
  9364 | D:8      | Bought a scroll labelled MOPHYX MAELEBB for 29 gold pieces
  9364 | D:8      | Bought a scroll labelled WUIQOU BUFO for 29 gold pieces
  9364 | D:8      | Bought a lumpy ruby potion for 26 gold pieces
  9986 | D:9      | Found a basalt altar of Yredelemnul.
 10146 | D:10     | Entered Level 10 of the Dungeon
 10474 | D:10     | Noticed a two-headed ogre
 10489 | D:10     | Killed a two-headed ogre
 10490 | D:10     | Reached skill level 14 in Axes
 10741 | D:11     | Noticed a seven-headed hydra
 10763 | D:11     | Found a gate leading to a gauntlet.
 10771 | Gauntlet | Entered a Gauntlet
 10771 | Gauntlet | Found a transporter.
 10771 | Gauntlet | Found a transporter.
 10776 | Gauntlet | Noticed a sixfirhy
 10783 | Gauntlet | Found a transporter.
 10797 | Gauntlet | Found a large runed translucent door.
 10798 | Gauntlet | Found a large runed translucent door.
 10798 | Gauntlet | Noticed a smoke demon
 10799 | Gauntlet | Found a large runed translucent door.
 10799 | Gauntlet | Found a large runed translucent door.
 10799 | Gauntlet | Found a large runed translucent door.
 10799 | Gauntlet | Found a large runed translucent door.
 10799 | Gauntlet | Found a large runed translucent door.
 10799 | Gauntlet | Found a large runed translucent door.
 10799 | Gauntlet | Noticed a queen ant
 10800 | Gauntlet | Found a runed translucent door.
 10800 | Gauntlet | Found a runed translucent gate.
 10801 | Gauntlet | Found a transporter.
 10801 | Gauntlet | Found a runed translucent gate.
 10801 | Gauntlet | Found a transporter.
 10801 | Gauntlet | Found a transporter.
 10803 | Gauntlet | Found a transporter.
 10803 | Gauntlet | Found a transporter.
 10805 | Gauntlet | Noticed a wizard
 10805 | Gauntlet | Noticed a dire elephant
 10805 | Gauntlet | Noticed an elephant
 10806 | Gauntlet | Noticed a wizard
 10815 | Gauntlet | Found a transporter.
 10831 | Gauntlet | Found a transporter.
 10840 | Gauntlet | Noticed an orange crystal statue
 10841 | Gauntlet | Found a transporter.
 10846 | Gauntlet | Found a transporter.
 10877 | Gauntlet | Found a large runed translucent door.
 10878 | Gauntlet | Found a large runed translucent door.
 10878 | Gauntlet | Found a large runed translucent door.
 10879 | Gauntlet | Found a large runed translucent door.
 10879 | Gauntlet | Found a large runed translucent door.
 10879 | Gauntlet | Found a large runed translucent door.
 10879 | Gauntlet | Found a large runed translucent door.
 10880 | Gauntlet | Found a runed translucent gate.
 10880 | Gauntlet | Found a runed translucent door.
 10881 | Gauntlet | Found a large runed translucent door.
 10886 | Gauntlet | Found a transporter.
 10889 | Gauntlet | Noticed a smoke demon
 10901 | Gauntlet | Found a transporter.
 10956 | Gauntlet | Killed a sixfirhy
 11120 | Gauntlet | Got a twisted helmet
 11131 | Gauntlet | Identified the +1 helmet of the Three Friars {+Fly rPois}
                  | (You found it in a Gauntlet)
 11228 | Gauntlet | Noticed a wizard
 11229 | Gauntlet | Killed an orange crystal statue
 11312 | Gauntlet | Noticed a minotaur
 11331 | Gauntlet | Killed a minotaur
 11332 | Gauntlet | Reached XP level 11. HP: 57/86 MP: 14/14
 11662 | D:11     | Found Zerphysch's Antique Armour Shop.
 11684 | D:11     | Found a staircase to the Orcish Mines.
 12702 | D:12     | Reached skill level 15 in Axes
 13136 | D:10     | Found a staircase to the Lair.
 13399 | D:10     | Noticed Sonja
 13407 | D:10     | Killed Sonja
 13408 | D:10     | Reached skill level 5 in Armour
 13550 | Orc:1    | Entered Level 1 of the Orcish Mines
 13551 | Orc:1    | Noticed an ettin
 13613 | D:11     | Killed an ettin
 13719 | Orc:1    | Noticed Snorg
 13723 | Orc:1    | Found Hiycyrit's Book Shoppe.
 13805 | D:11     | Killed Snorg
 13934 | Orc:1    | Noticed Urug
 13981 | Orc:1    | Killed Urug
 14332 | Orc:2    | Entered Level 2 of the Orcish Mines
 14390 | Orc:2    | Found Voam's Distillery.
 14529 | Orc:2    | Found a staircase to the Elven Halls.
 14662 | Orc:1    | Noticed an orc high priest
 14779 | Orc:1    | Gained mutation: Potions are less effective at restoring
                  | your health. [a neqoxec]
 14781 | Orc:1    | Killed an orc high priest
 14859 | Orc:1    | Found Laoz's Gadget Boutique.
 14867 | Orc:1    | Bought a condenser vane for 520 gold pieces
 14977 | Orc:2    | Reached XP level 12. HP: 89/94 MP: 15/15
 15005 | Orc:2    | Reached skill level 16 in Axes
 15602 | Orc:2    | Found Xeruopry's Antique Armour Boutique.
 15602 | Orc:2    | Found Puusorap's General Store.
 15834 | Orc:2    | Bought a crude chain mail for 304 gold pieces
 15844 | Orc:2    | Identified the cursed +0 chain mail of Lifelessness {Regen+
                  | Dex+4} (You bought it in a shop on level 2 of the Orcish
                  | Mines)
 15853 | Orc:2    | Bought a scroll of identify for 22 gold pieces
 15853 | Orc:2    | Bought a scroll of fear for 38 gold pieces
 15854 | Orc:2    | Identified a scroll of acquirement
 15855 | Orc:2    | Acquired 717 gold pieces
 15880 | Orc:2    | Found a roughly hewn altar of Beogh.
 16412 | Orc:2    | Found Otoeg's Jewellery Emporium.
 16412 | Orc:2    | Found Jaill's Armour Boutique.
 16667 | D:8      | Bought a manual of Shields for 1324 gold pieces
 16787 | Lair:1   | Entered Level 1 of the Lair of Beasts
 17322 | Lair:1   | Reached skill level 1 in Throwing
 17803 | Lair:2   | Found a hole to the Spider Nest.
 17806 | Lair:2   | Found a staircase to the Shoals.
 17812 | Lair:2   | Reached skill level 17 in Axes
 18100 | Lair:2   | Reached XP level 13. HP: 91/100 MP: 16/16
 18407 | Lair:1   | Identified the +8 rapier of Callousness {freeze, rF++
                  | Will+} (You found it on level 1 of the Lair of Beasts)
 19619 | Lair:4   | Reached skill level 5 in Shields
 20874 | Lair:5   | Found a runed translucent door.
 20874 | Lair:5   | Found a viscous altar of Jiyva.
 21264 | Lair:5   | Found a staircase to the Slime Pits.
 21408 | Lair:6   | Entered Level 6 of the Lair of Beasts
 22141 | Lair:5   | Reached skill level 5 in Throwing
 22368 | Lair:5   | Reached skill level 18 in Axes
 22940 | Lair:6   | Reached XP level 14. HP: 89/107 MP: 17/17
 23193 | Lair:6   | Found a runed translucent gate.
 23193 | Lair:6   | Found a runed translucent gate.
 23193 | Lair:6   | Noticed June's ghost (journeyman DECj)
 23194 | Lair:6   | Found a runed translucent gate.
 23197 | Lair:6   | Found a viscous altar of Jiyva.
 24382 | Lair:6   | Got a twisted ring mail
 24383 | Lair:6   | Identified the +4 ring mail of the Ant {rN+ Str+2 Dex+4}
                  | (You found it on level 6 of the Lair of Beasts)
 24481 | Lair:6   | Reached skill level 10 in Armour
 24775 | D:12     | Found a burning altar of Makhleb.
 26425 | D:13     | Found a gate to the Vaults.
 26759 | D:13     | Noticed Kirke
 26820 | D:12     | Killed Kirke
 27287 | D:14     | You fall into a shaft and drop 1 floor!
 27287 | D:15     | Entered Level 15 of the Dungeon
 27753 | D:14     | Found an iron altar of Okawaru.
 28224 | D:14     | Noticed Louise
 28232 | D:14     | Noticed Azrael
 28559 | D:15     | Reached skill level 10 in Shields
 28765 | D:15     | Found Ser Orit's Assorted Antiques.
 28779 | D:15     | Reached skill level 19 in Axes
 28779 | D:15     | Bought a granite ring for 125 gold pieces
 28779 | D:15     | Bought a scroll of identify for 50 gold pieces
 28779 | D:15     | Bought a potion of might for 100 gold pieces
 28779 | D:15     | Bought a thick jade amulet for 125 gold pieces
 28779 | D:15     | Bought a scroll of teleportation for 75 gold pieces
 28779 | D:15     | Bought 2 potions of curing for 150 gold pieces
 28986 | D:15     | Found a staircase to the Depths.
 28997 | D:15     | Reached XP level 15. HP: 113/113 MP: 18/18
 29428 | Orc:1    | Bought a box of beasts for 520 gold pieces
 29523 | Spider:1 | Entered Level 1 of the Spider Nest
 29900 | Shoals:1 | Entered Level 1 of the Shoals
 30718 | Elf:1    | Entered Level 1 of the Elven Halls
 30807 | Elf:1    | Noticed Aizul
 30853 | Elf:1    | Reached skill level 5 in Evocations
 31651 | Elf:1    | HP: 2/113 [deep elf mage/bolt of lightning (23)]
 31652 | Elf:1    | you fuck
 32042 | Elf:1    | Found a runed translucent door.
 32042 | Elf:1    | Noticed Ahimyadi's ghost (journeyman NaWn)
 32305 | Elf:1    | Identified the Reference Book on Creative Conjuration
 32410 | Elf:1    | Reached skill level 1 in Dodging
 32748 | Elf:2    | Found a flickering gateway to a bazaar.
 33099 | Bazaar   | Entered a bazaar
 33099 | Bazaar   | Found Toro's Gadget Boutique.
 33164 | Bazaar   | Found Lepa's Antique Weapon Shoppe.
 33175 | Bazaar   | Found Gusk's Distillery.
 33186 | Bazaar   | Found Poin's Antique Armour Emporium.
 33194 | Bazaar   | Found Nerphuk's General Store.
 33202 | Bazaar   | Bought a scroll of magic mapping for 38 gold pieces
 33214 | Bazaar   | Bought a potion of curing for 36 gold pieces
 33214 | Bazaar   | Bought a potion of might for 48 gold pieces
 33268 | Elf:1    | Acquired 699 gold pieces
 33675 | Elf:2    | Reached XP level 16. HP: 79/119 MP: 19/19
 34049 | Elf:2    | Found a runed translucent gate.
 34049 | Elf:2    | Found a runed translucent gate.
 34051 | Elf:2    | Found a runed translucent gate.
 34334 | Elf:3    | Entered Level 3 of the Elven Halls
 34560 | Elf:3    | Reached skill level 5 in Dodging
 35741 | Spider:1 | Noticed Rupert
 35750 | Spider:1 | Killed Rupert
 35888 | Spider:1 | Noticed Josephine
 35914 | Spider:1 | Killed Josephine
 37103 | Spider:1 | 57%
 37103 | Spider:1 | yup
 37112 | Spider:1 | Slain by an emperor scorpion

Illustrated notes

....#...#......#..#.......'...#..
....#...#......#..#.......#...#..
#...#...#......#..#..#'#..#...#..
#...#...#......#..#..#.#..#...#..
#...#...#......#..#..+.#..#...#..
#...#...########..#..###..#...#..
+...#.............#.......#...#..
#...#.......>..e..#.......#...#..
#...#...........@.#########...#..
#...#...#+######..............#..
#...#...+......#.)............#..
#...'...#.....)#..............#..
#...#...#...>..'..#########...#..
#...#...#......#..#.......'...#..
#...#...#......#..#.......#...#..
#...#...#......#..#.......#...#..
#...#)..#......#..#.......#...#..


Turn 31652 on Elf:1: you fuck ..##......≈................##....
..#....#######.......##.......... ..####≈≈..............#....#..#..
..#....##...........#.#.......#.. ........!.....#.....###......#≈.#
.....................≈.^...###..≈ .........#...........###........#
#..##...##..#......^...<^#....... ...#...##.......@s.....#.#≈^.....
...#######.###....#....#≈#≈#...). ≈...## ###......#......≈....... ≈#...#
#≈...#...#......##...... ###≈≈# ##≈..#.###...#...≈...... ####
#≈≈≈≈#≈.........#..(.#. #####≈..........#....≈. ##≈#.....#....#.##.
#≈......#....≈#≈#. Turn 37103 on Spider:1: 57%

Levels and vault maps discovered:
D:1:      dpeg_arrival_rooms_with_view, layout_basic
D:2:      layout_rooms, uniq_sigmund
D:3:      layout_loops_corners, cheibrodos_sewer_entry_bend
D:4:      layout_basic, uniq_edmund
D:5:      layout_basic, minmay_temple_entry_butterflies, basic_altar,
          uniq_menkaure, uniq_eustachio
D:6:      layout_cave_pools, nicolae_dithmenos_through_a_glass_darkly,
          serial_rivers, chequers_serial_rivers_micro_e,
          chequers_serial_rivers_room_a, chequers_serial_rivers_small_b,
          chequers_serial_rivers_small_b, chequers_serial_rivers_micro_d,
          chequers_serial_rivers_small_a, minmay_misc_feat_ornament,
          minmay_misc_feat_iff, uniq_prince_ribbit1
D:7:      minmay_polygon_palace, layout_basic, nicolae_overflow_hidden_temple
D:8:      layout_loops_ring, serial_shops, shop, shop, shop, shop, shop,
          uniq_gastronok
D:9:      layout_basic, marbit_many_paths
D:10:     layout_basic, grunt_lair_entry_orc_guard_hut, uniq_sonja
D:11:     layout_layer_cave, minmay_orc_entry_guard_dogs,
          gauntlet_entry_generic, serial_shops, shop
D:12:     layout_stronghold, amcnicky_altar_gilded
D:13:     layout_basic, david_vaults_4, uniq_kirke
D:14:     layout_stronghold, serial_shops, nicolae_shop_behind_doors,
          minmay_misc_feat_cross, kennysheep_small_spiral,
          okawaru_ov_weapons_minmay, uniq_azrael, uniq_louise
D:15:     grunt_enter_depths_magical_seal, layout_basic, serial_shops,
          nicolae_shop_stone, serial_park_avenue1
Lair:1:   layout_roguey, special_room [special_room_bee]
Lair:2:   beast_lair_carwin_large_2, layout_hall_layers,
          minmay_shoals_entry_centaurs, dummy_spider_entry
Lair:3:   layout_long_grid, special_room
Lair:4:   layout_misc_corridors, infiniplex_staircase_pool_2, grunt_megastairs_3
Lair:5:   layout_gridlike, slime_altar_2, small_statue_intersection,
          guppyfry_lair_drakes
Lair:6:   guppyfry_lair_end_dragon, layout_regular_city,
          hangedman_lair_in_review, gammafunk_ghost_ooze,
          nicolae_quartered_pool_medium
Shoals:1: layout_shoals, nicolae_shoals_arrival_archipelago
Spider:1: layout_spider_delve, uniq_rupert, uniq_josephine
Spider:2: layout_spider_delve, uniq_asterion
Orc:1:    layout_caves, serial_shops, shop, shop_fountains, uniq_urug,
          uniq_snorg
Orc:2:    st_orc_town, layout_diamond_mine, serial_shops, shop
Elf:1:    layout_onion_city, ebering_ghost_inner_flame, minmay_elf_sorcery,
          uniq_aizul
Elf:2:    layout_geoelf_diagonals, serial_shops, bzr_entry_water
Elf:3:    minmay_elf_hall_quartered_circle, layout_gridlike, dk_noncrumbling_2,
          minivault_27, grunt_megastairs_5

Skill      XL: |  1  2  3  4  5  6  7  8  9 10 11 12 13 14 15 16 |
---------------+-------------------------------------------------+-----
Fighting       | 2 4 5 6 |  6.3
Axes           | 2 5 7 10 13 14 15 17 18 19 | 19.9
Armour         | 6 8 9 10 11 | 11.3
Shields        | 3 4 7 10 11 12 | 12.5
Throwing       | 2 5 6 |  6.0
Evocations     | 4 6 |  6.6
Dodging        | 3 7 |  7.0
Maces & Flails | |  2.6

Action                   |  1- 3 |  4- 6 |  7- 9 | 10-12 | 13-15 | 16-18 || total
-------------------------+-------+-------+-------+-------+-------+-------++-------
Melee: Mace              |   106 |   269 |   111 |       |       |       ||   486
       Hand axe          |       |       |   194 |       |       |       ||   194
       War axe           |       |       |   289 |   425 |  1852 |   354 ||  2920
       Battleaxe         |       |       |       |   467 |    21 |       ||   488
       Rapier            |       |       |       |       |    90 |       ||    90
Throw: Javelin           |       |       |     1 |       |    13 |     4 ||    18
       Throwing net      |       |       |     1 |     1 |       |       ||     2
       Dart              |       |       |       |    39 |    27 |    26 ||    92
Evoke: Wand              |       |       |    15 |    19 |    18 |     7 ||    59
       Condenser vane    |       |       |       |     1 |     4 |     1 ||     6
       Box of beasts     |       |       |       |       |     1 |     1 ||     2
  Use: Potion            |     3 |     1 |     6 |     3 |     8 |     1 ||    22
       Scroll            |       |       |     9 |    13 |    25 |     5 ||    52
 Stab: Paralysed         |       |       |    10 |     7 |     5 |       ||    22
       Held in net/web   |       |       |     6 |       |       |       ||     6
       Petrified         |       |       |       |       |    11 |       ||    11
       Petrifying        |       |       |       |       |     2 |       ||     2
       Distracted        |       |       |       |       |     1 |       ||     1
Armor: Ring mail         |    44 |    32 |       |       |       |       ||    76
       Skin              |       |    12 |       |     1 |       |       ||    13
       Ice dragon scales |       |     8 |       |       |       |       ||     8
       Chain mail        |       |   112 |   477 |    60 |       |       ||   649
       Swamp dragon scal |       |       |       |    26 |       |       ||    26
       Plate armour      |       |       |       |   479 |  1217 |   199 ||  1895
Dodge: Dodged            |    75 |   112 |   257 |   278 |   364 |   143 ||  1229
Block: Buckler           |       |       |       |    21 |    87 |       ||   108
       Kite shield       |       |       |       |       |   866 |   267 ||  1133
       Reflection        |       |       |       |       |    53 |    16 ||    69

Table legend: (Time is in decaauts)
 A = Elapsed time spent in this place.
 B = Non-inter-level travel time spent in this place.
 C = Inter-level travel time spent in this place.
 D = Time resting spent in this place.
 E = Time spent auto-exploring this place.
 F = Levels seen in this place.
 G = Mean time per level.
                   A        B        C        D        E       F      G
               +--------+--------+--------+--------+--------+-----+--------+
         Total |  36805 |  34364 |   2441 |   3644 |  21557 |  32 | 1150.2 |
       Dungeon |  17432 |  15980 |   1452 |    208 |  11876 |  15 | 1162.1 |
          Lair |   8692 |   8276 |    416 |   1539 |   4731 |   6 | 1448.7 |
        Shoals |    330 |    303 |     27 |    138 |     42 |   1 |  330.0 |
   Spider Nest |   1515 |   1459 |     56 |    108 |    835 |   2 |  757.5 |
  Orcish Mines |   2959 |   2659 |    300 |    418 |   1326 |   2 | 1479.5 |
   Elven Halls |   4400 |   4211 |    189 |    892 |   2245 |   3 | 1466.7 |
        Bazaar |    128 |    128 |      0 |      0 |    102 |   1 |  128.0 |
         Sewer |    740 |    740 |      0 |    155 |    346 |   1 |  740.0 |
      Gauntlet |    606 |    606 |      0 |    184 |     52 |   1 |  606.0 |
               +--------+--------+--------+--------+--------+-----+--------+

Top non-repeatable levels by time:
  Lair:6: 2301 daAuts
   Elf:1: 2208 daAuts
  Lair:5: 1917 daAuts
   Orc:2: 1852 daAuts
    D:12: 1780 daAuts
     D:3: 1722 daAuts
    D:11: 1701 daAuts
   Elf:2: 1445 daAuts
Spider:1: 1341 daAuts
  Lair:2: 1328 daAuts
     D:4: 1285 daAuts
     D:7: 1284 daAuts
  Lair:1: 1247 daAuts
    D:10: 1229 daAuts
    D:15: 1182 daAuts
